 Dungeon Crawl Stone Soup version 0.17-a0-1534-gf98da79 (webtiles) character file.

60 mrath the Insei (level 4, -3/33 HPs)
             Began as a Merfolk Transmuter on July 18, 2015.
             Slain by a worm (10 damage)
             ... on level 2 of the Dungeon.
             The game lasted 00:20:22 (3575 turns).

mrath the Insei (Merfolk Transmuter)                Turns: 3575, Time: 00:20:22

Health: -3/33      AC:  2    Str: 10    XL:     4   Next: 4%
Magic:  7/7        EV: 13    Int: 13    God:
Gold:   79         SH:  0    Dex: 14    Spells: 3 memorised, 1 level left

rFire  . . .     SeeInvis .       - Unarmed
rCold  . . .     Clarity  .     b - +0 robe
rNeg   . . .     SustAt   .     (no shield)
rPois  .         Gourm    .     (no helmet)
rElec  .         Spirit   .     (no cloak)
rCorr  .         Warding  .     (no gloves)
rMut   .         Stasis   .     (no boots)
MR     .....                    (no amulet)
Stlth  ++........               (no ring)
                                (no ring)

@: appendage, not resistant to hostile enchantments, unstealthy
A: change form in water, swift swim, horns 2
a: End Transformation


You were on level 2 of the Dungeon.
You were not hungry.
You had grown temporary horns.
You visited 1 branch of the dungeon, and saw 3 of its levels.

You collected 79 gold pieces.

Inventory:

Hand weapons
 e - a +0 hand axe
 n - a +0 hunting sling
Missiles
 a - 12 arrows
 d - 32 bolts
 i - 44 stones (quivered)
 o - 3 arrows of dispersal
 p - 28 sling bullets
Armour
 b - a +0 robe (worn)
Scrolls
 f - a scroll of teleportation
 g - a scroll of identify {unknown}
 j - a scroll of remove curse {unknown}
 l - a scroll of enchant weapon {unknown}
 r - a scroll of fog {unknown}
 s - a scroll of enchant armour {unknown}
Potions
 h - a potion of invisibility {unknown}
 k - 2 potions of agility {unknown}
 m - a potion of mutation {unknown}
Books
 c - a book of Changes

   Spells                             Type                      Level
   a - Beastly Appendage              Transmutation                1
   b - Sticks to Snakes               Transmutation                2
   c - Spider Form                    Transmutation/Poison         3
   d - Ice Form                       Ice/Transmutation            4
   e - Blade Hands                    Transmutation                5


   Skills:
 + Level 1.8 Fighting
 + Level 3.4 Dodging
 + Level 0.5 Stealth
 + Level 3.9 Unarmed Combat
 + Level 2.2 Spellcasting
 + Level 3.5 Transmutations


You had one spell level left.
You knew the following spells:

 Your Spells              Type           Power        Failure   Level  Hunger
a - Beastly Appendage     Trmt           ##....       8%          1    ##.....
b - Sticks to Snakes      Trmt           ##........   10%         2    ###....
c - Spider Form           Trmt/Pois      #.........   38%         3    ####...


Dungeon Overview and Level Annotations

Branches:
Dungeon (3/15)

Altars:


Innate Abilities, Weirdness & Mutations

You revert to your normal form in water.
You are very nimble and swift while swimming.
You have a pair of horns on your head.


Message History

You barely miss the worm.
The worm is heavily wounded.
The worm bites you!
You barely miss the worm.
The worm is moderately wounded.
You barely miss the worm.
The worm is moderately wounded.
The worm bites you.
You hit the worm.
The worm is heavily wounded.
You barely miss the worm.
The worm is heavily wounded.
The worm bites you.
* * * LOW HITPOINT WARNING * * *
You hit the worm. You headbutt the worm.
The worm is almost dead.
You hit the worm.
The worm is almost dead.
The worm bites you!
You die...

######## ######### #......######
#.....).# # #....<......#
#.......# #
####......####.######[......#####
...............w@..............##
####......####.#####..###......##
#......##......###.##.......#.
####......##......# #..#.......#.
#...########......####.#...#####.
'.................'....>...# #.
#...########......#####....# ##.
#...# #......# #..#.####.^ #...#
#......#####..#.##....


You could see a worm.

Vanquished Creatures
  2 adders (D:2)
  A worm (D:2)
  4 goblins
  2 hobgoblins
  6 jackals (D:2)
  6 kobolds
  A quokka (D:2)
  2 ball pythons
  2 bats
  2 giant geckos
  3 giant newts (D:1)
  7 rats
38 creatures vanquished.

Notes
Turn   | Place    | Note
--------------------------------------------------------------
     0 | D:1      | mrath the Merfolk Transmuter began the quest for the Orb.
     0 | D:1      | Reached XP level 1. HP: 15/15 MP: 3/3
  1046 | D:1      | Reached XP level 2. HP: 11/21 MP: 3/5
  1192 | D:1      | Learned a level 2 spell: Sticks to Snakes
  2138 | D:2      | Reached XP level 3. HP: 16/26 MP: 6/6
  2366 | D:2      | Learned a level 3 spell: Spider Form
  3261 | D:2      | Reached XP level 4. HP: 29/33 MP: 5/7
  3575 | D:2      | Slain by a worm

Vault maps used:
D:1:      dpeg_arrival_water_fire
D:2:      first_bread
D:3:      nicolae_gozag_seed_capital

Action                   |  1- 3 |  4- 6 || total
-------------------------+-------+-------++-------
Melee: Unarmed           |    96 |    14 ||   110
 Fire: Hunting sling     |     2 |       ||     2
Throw: Stone             |    24 |       ||    24
 Cast: Beastly Appendage |    26 |     3 ||    29
  Use: Scroll            |       |     1 ||     1
  Eat: Bread ration      |     2 |       ||     2
